 Dungeon Crawl Stone Soup version 0.24.0-123-gd5b16e6ec5 (webtiles) character file.

Game seed: 9945091819385113451, levelgen mode: deterministic

3262 Notrik the Cudgeler (level 9, -3/81 HPs)
             Began as a Minotaur Berserker on Feb 5, 2020.
             Was an Elder of Trog.
             Slain by a two-headed ogre
             ... wielding a +0 giant club
             ... summoned by an orange crystal statue
              (25 damage)
             ... on level 8 of the Dungeon.
             The game lasted 00:17:24 (7403 turns).

Notrik the Cudgeler (Minotaur Berserker)            Turns: 7403, Time: 00:17:25

Health: -3/81      AC: 14    Str: 29      XL:     9   Next: 68%
Magic:  1/11       EV: 10    Int:  1 (4)  God:    Trog [****..]
Gold:   182        SH:  0    Dex: 11      Spells: 8/8 levels left

rFire    . . .     SeeInvis .   a - +1 mace
rCold    . . .     Gourm    .   m - +0 buckler
rNeg     . . .     Faith    .   x - +0 plate armour
rPois    .         Spirit   .   (helmet restricted)
rElec    .         Reflect  .   (no cloak)
rCorr    .         Harm     .   (no gloves)
MR       .....                  f - +0 pair of boots (curse)
Stlth    ..........             (no amulet)
HPRegen  0.23/turn              (no ring)
MPRegen  0.12/turn              (no ring)

@: confused, mighty, lethally poisoned (-3 -> -14), berserk cooldown, slowed,
very slow
A: retaliatory headbutt, horns 2
a: Berserk, Trog's Hand, Brothers in Arms, Renounce Religion


You were on level 8 of the Dungeon.
You worshipped Trog.
Trog was greatly pleased with you.
You were hungry.

You visited 1 branch of the dungeon, and saw 8 of its levels.

You collected 312 gold pieces.
You spent 130 gold pieces at shops.

Inventory:

Hand Weapons
 a - a +1 mace (weapon)
Missiles
 C - a throwing net (quivered) {!f}
Armour
 f - a cursed +0 pair of boots (worn)
   (You found it on level 1 of the Dungeon)
 m - a +0 buckler (worn)
   (You found it on level 2 of the Dungeon)
 x - a +0 plate armour (worn)
   (You found it on level 5 of the Dungeon)
Wands
 u - a wand of paralysis (8)
   (You bought it in a shop on level 4 of the Dungeon)
 v - a wand of digging (5)
   (You found it on level 6 of the Dungeon)
Scrolls
 g - a scroll of fear {unknown}
 i - 2 scrolls of teleportation {@r4}
 j - a scroll of magic mapping {unknown}
 k - 3 scrolls of enchant armour {unknown}
 l - a scroll of enchant weapon
 o - a scroll of immolation {unknown}
 q - 3 scrolls of remove curse {unknown}
 r - 3 scrolls of fog {unknown}
 t - 4 scrolls of identify {@r1}
 F - a scroll of random uselessness {unknown}
 G - 2 scrolls of holy word {unknown}
 H - 3 scrolls of blinking {unknown}
Potions
 b - a potion of resistance {unknown}
 c - a potion of lignification {unknown}
 d - a potion of berserk rage
 h - 2 potions of degeneration {unknown}
 n - 4 potions of curing {unknown}
 p - 2 potions of might
 s - 2 potions of heal wounds {@q2}
 w - 2 potions of invisibility {unknown}
 z - a potion of ambrosia {unknown}
 A - 2 potions of flight {unknown}
 B - a potion of brilliance {unknown}
 D - 2 potions of magic {unknown}
 E - a potion of haste {unknown}
 I - a potion of mutation {unknown}
Comestibles
 e - 11 rations {!d}


   Skills:
 + Level 7.9 Fighting
 + Level 7.9 Maces & Flails
 + Level 7.3 Armour
 + Level 6.7 Dodging
 + Level 6.3 Shields
 + Level 4.1 Evocations


You had 8 spell levels left.
You didn't know any spells.
Your spell library was empty.

Dungeon Overview and Level Annotations

Branches:
Dungeon (8/15)             Temple (0/1) D:5            Lair (0/6) D:8

Altars:
Ashenzari
Dithmenos
Gozag
Hepliaklqana
Kikubaaqudgha
Okawaru
Sif Muna
Trog

Shops:
D:4 }   D:8 }

Annotations:
D:8 exclusion: orange crystal statue


Innate Abilities, Weirdness & Mutations

You reflexively headbutt those who attack you in melee.
You have a pair of horns on your head.


Message History

Something hits you but does no damage.
It was a potion of might.
You feel very mighty all of a sudden.
You feel sick.
The orc hits you with a +1 hand axe of venom.
You are more poisoned.
The orc hits you but does no damage. Something hits you.
It was a potion of berserk rage.
You're still recovering from your berserk rage.
You feel less confused.
You feel very sick. The orc hits you but does no damage.
Something hits you but does no damage.
The orange crystal statue glitters.
You are confused.
The two-headed ogre hits you with a +0 giant club!
The two-headed ogre hits you with a +0 giant club.
The orc hits you but does no damage. Something hits you but does no damage.
It was a potion of heal wounds.
You feel much better.
You feel sick.
The orange crystal statue fixes its piercing gaze on you.
You feel your power leaking away.
The two-headed ogre hits you with a +0 giant club! x2
* * * LOW HITPOINT WARNING * * *
The orc closely misses you. Something hits you but does no damage.
You are too injured to fight recklessly!
You are too injured to fight recklessly!
You are too injured to fight recklessly!
You are too injured to fight recklessly!
You completely miss something.
You feel sick. The orc barely misses you.
Something hits you but does no damage. The two-headed ogre closely misses you.
The two-headed ogre hits you with a +0 giant club.
* * * LOW HITPOINT WARNING * * *
The orange crystal statue fixes its piercing gaze on you.
Something tries to feed on your intellect!
The orc closely misses you.
You hear some strange, mumbled words.
You are more confused.
Unknown command.
You're too confused!
Unknown command.
You're too confused!
You feel much better.
You feel sick.
The two-headed ogre hits you with a +0 giant club!!
* * * LOW HITPOINT WARNING * * *
The two-headed ogre hits you with a +0 giant club!!
You die...

##......#..# ##...........#
##.....#..# ##.........##
#.....#..###########.....###
##....#...#........###)######
##...#...##......## #)##..##
#...#....###...#####).....#
##..#......####(....#...)..
##.#....o.Oo8#............
#.#....{@# ######.......
#######....### #.......
##..####...## #......)
##......#...# #......∩
#.......#..## #.......
#.......#..# #......#
##.(....#..# #.....##
#......#..# ##...##
##.....#.)# ##.##


You could see an orange crystal statue, a two-headed ogre and 2 orcs.

Vanquished Creatures
  Sigmund (D:3)
  A hungry ghost (D:8)
  3 wargs (D:8)
  2 orc warriors
  A black bear (D:7)
  A necrophage (D:6)
  6 ogres
  2 phantoms (D:7)
  3 centaurs
  3 bullfrogs (D:7)
  2 scorpions (D:8)
  A vampire bat (D:8)
  A crimson imp (D:5)
  A bullfrog zombie (D:5)
  3 hounds
  A jelly (D:8)
  A centaur skeleton (D:4)
  2 centaur zombies (D:5)
  An orc priest (D:8)
  7 orc wizards
  A gnoll shaman (D:6)
  2 iguanas
  Terence (D:3)
  Natasha (thrice) (D:3)
  4 worker ants
  A worker ant zombie (D:5)
  6 adders
  3 gnolls (D:6)
  2 adder zombies
  3 adder skeletons
  4 worms
  2 dart slugs
  3 leopard geckos
  22 orcs
  4 ball pythons
  5 giant cockroaches
  12 goblins
  6 hobgoblins
  9 jackals
  5 kobolds
  3 quokkas
  9 bats
  4 frilled lizards
  2 jackal zombies
  10 rats
169 creatures vanquished.

Vanquished Creatures (others)
  A fungus (D:3)
  2 plants
3 creatures vanquished.

Grand Total: 172 creatures vanquished

Notes
Turn   | Place    | Note
-------+----------+-------------------------------------------
     0 | D:1      | Notrik the Minotaur Berserker began the quest for the Orb.
     0 | D:1      | Reached XP level 1. HP: 19/19 MP: 0/0
    39 | D:1      | Reached XP level 2. HP: 27/27 MP: 1/1
   505 | D:1      | Reached ** piety under Trog
  1031 | D:2      | Reached XP level 3. HP: 33/33 MP: 2/2
  1149 | D:2      | Found an iron altar of Okawaru.
  1479 | D:2      | Reached XP level 4. HP: 40/40 MP: 3/3
  1512 | D:2      | Found a faded altar of an unknown god.
  1737 | D:3      | Noticed Natasha
  1745 | D:3      | Killed Natasha
  1751 | D:3      | Noticed Terence
  1767 | D:3      | Killed Terence
  1767 | D:3      | Reached skill level 1 in Shields
  1847 | D:3      | Noticed Natasha
  1850 | D:3      | Killed Natasha
  1850 | D:3      | Reached XP level 5. HP: 26/47 MP: 4/4
  2060 | D:3      | Noticed Sigmund
  2070 | D:3      | Killed Sigmund
  2070 | D:3      | Reached skill level 5 in Fighting
  2070 | D:3      | Reached skill level 5 in Maces & Flails
  2070 | D:3      | Reached XP level 6. HP: 44/56 MP: 5/5
  2100 | D:3      | Noticed Natasha
  2108 | D:3      | Killed Natasha
  2120 | D:3      | Found a shattered altar of Ashenzari.
  2124 | D:3      | Saw a vision of the Swamp and the Snake Pit.
  2124 | D:3      | Noticed an alligator
  2124 | D:3      | Noticed a swamp drake
  2124 | D:3      | Noticed a black mamba
  2124 | D:3      | Noticed a guardian serpent
  2124 | D:3      | Noticed an alligator
  2124 | D:3      | Noticed an anaconda
  2124 | D:3      | Noticed a swamp drake
  2124 | D:3      | Noticed a naga ritualist
  2124 | D:3      | Noticed a hornet
  2124 | D:3      | Noticed a black mamba
  2124 | D:3      | Noticed a black mamba
  2124 | D:3      | Noticed a naga ritualist
  2124 | D:3      | Noticed a swamp drake
  2125 | D:3      | Noticed a water moccasin
  2125 | D:3      | Noticed a naga
  2147 | D:3      | Found an opulent altar of Gozag.
  2253 | D:3      | Found a shimmering blue altar of Sif Muna.
  2253 | D:3      | Found a hazy altar of Hepliaklqana.
  2616 | D:3      | Found an opulent altar of Gozag.
  2667 | D:3      | Found a hazy altar of Hepliaklqana.
  2667 | D:3      | Found a shimmering blue altar of Sif Muna.
  2805 | D:3      | Found a shattered altar of Ashenzari.
  2867 | D:4      | Reached *** piety under Trog
  3331 | D:4      | Found Mokuas's Gadget Shop.
  3341 | D:4      | Bought a wand of paralysis (8) for 130 gold pieces
  3346 | D:4      | Found a bloodstained altar of Trog.
  3522 | D:5      | Entered Level 5 of the Dungeon
  3563 | D:5      | Reached XP level 7. HP: 61/61 MP: 6/6
  3689 | D:5      | Found a staircase to the Ecumenical Temple.
  3780 | D:5      | Reached skill level 5 in Armour
  3780 | D:5      | Reached skill level 1 in Evocations
  3979 | D:5      | HP: 3/62 [orc warrior/+0 mace (18)]
  4460 | D:6      | You fall into a shaft and drop 1 floor!
  4460 | D:7      | Found an ancient bone altar of Kikubaaqudgha.
  4489 | D:7      | Reached XP level 8. HP: 69/70 MP: 8/8
  4552 | D:7      | Reached skill level 5 in Dodging
  4608 | D:7      | Reached **** piety under Trog
  5009 | D:7      | Reached skill level 5 in Shields
  5627 | D:7      | Reached XP level 9. HP: 79/79 MP: 10/10
  5700 | D:7      | Found a shadowy altar of Dithmenos.
  5921 | D:8      | Found Funuitea's Gadget Shoppe.
  6259 | D:8      | Found a staircase to the Lair.
  7358 | D:8      | Noticed an orange crystal statue
  7398 | D:8      | Noticed a two-headed ogre
  7403 | D:8      | Slain by a two-headed ogre

Levels and vault maps discovered:
D:1:      minmay_arrival_stone_box, layout_loops_ring, serial_rivers,
          chequers_serial_rivers_large_a, chequers_serial_rivers_small_3,
          chequers_serial_rivers_small_a, chequers_serial_rivers_large_b,
          roderic_filled_cross, hangedman_decor_lopped
D:2:      layout_basic, chequers_ecumenical_altar_grove,
          okawaru_ov_weapons_minmay
D:3:      layout_loops_cross, overflow_temple_1_default,
          gammafunk_temple_overflow_wave, grunt_ashenzari_visionary
          [grunt_ashenzari_visionary_swamp, grunt_ashenzari_visionary_snake],
          uniq_terence, uniq_natasha, uniq_sigmund
D:4:      layout_basic, bloody_trog, serial_shops, shop, first_ration
D:5:      layout_rooms, minmay_temple_entry_glass
D:6:      layout_basic
D:7:      layout_gridville, kiku_gazebo_garden_becter,
          nicolae_dithmenos_through_a_glass_darkly
D:8:      minmay_statue_hallways, layout_cave_pods, erik_lair_orcish_takeover,
          serial_shops, shop, roderic_batcave

Skill      XL: |  1  2  3  4  5  6  7  8  9 |
---------------+----------------------------+-----
Maces & Flails | 4 5 6 7 |  7.9
Fighting       | 4 5 6 7 |  7.9
Armour         | 3 4 5 6 7 |  7.3
Dodging        | 3 4 5 6 |  6.7
Shields        | 1 2 3 4 5 6 |  6.3
Evocations     | 1 3 4 |  4.1

Action                   |  1- 3 |  4- 6 |  7- 9 || total
-------------------------+-------+-------+-------++-------
Melee: Mace              |    79 |   141 |   356 ||   576
       Headbutt          |    15 |    29 |    74 ||   118
Invok: Berserk           |       |       |     3 ||     3
       Trog's Hand       |       |       |     2 ||     2
  Use: Scroll            |     1 |       |     4 ||     5
       Potion            |       |       |     4 ||     4
  Eat: Chunk             |     2 |     6 |    12 ||    20
       Ration            |       |       |     4 ||     4
Armor: Chain mail        |    39 |    67 |     4 ||   110
       Plate armour      |       |       |   246 ||   246
Dodge: Dodged            |    45 |    52 |   147 ||   244
Block: Buckler           |       |    17 |    77 ||    94
